 Dungeon Crawl Stone Soup version 0.31-a0-750-gfe7b580527 (webtiles) character file.

Game seed: 1391640169831063972

2549 javelincjr the Covert (level 9, -11/51 HPs)
             Began as an Octopode Conjurer on Sept 13, 2023.
             Was a Believer of Vehumet.
             Mangled by an orc warrior
             ... wielding a +2 trident of flaming
              (12 damage)
             ... on level 7 of the Dungeon on Sept 14, 2023.
             The game lasted 00:35:48 (9637 turns).

javelincjr the Covert (Octopode Conjurer)           Turns: 9637, Time: 00:35:49

Health: -11/51     AC:  5    Str: 10    XL:     9   Next: 56%
Magic:  1/18       EV: 14    Int: 24    God:    Vehumet [**....]
Gold:   346        SH:  0    Dex: 10    Spells: 11/20 levels left

rFire   x . .        b - +6 trident "Tuosch" {protect, rElec rF- Str+3}
rCold   + . .        (no shield)
rNeg    . . .        (helmet restricted)
rPois   .            (no amulet)
rElec   +            s - +4 ring of protection
rCorr   +            q - ring of resist corrosion
SInv    .            w - ring of wizardry
Will    .....        C - ring of protection from cold
Stlth   +++++        (no ring)
HPRegen 0.28/turn    (no ring)
MPRegen 0.16/turn    (no ring)
                     (no ring)

%: wizardry (x1)
@: no status effects
A: almost no armour, amphibious, 8 rings, camouflage 1, gelatinous body 1,
(nimble swimmer 1), tentacles
a: Renounce Religion


You were on level 7 of the Dungeon.
You worshipped Vehumet.
Vehumet was pleased with you.
You visited 2 branches of the dungeon, and saw 8 of its levels.

You collected 346 gold pieces.

Inventory:

Hand Weapons
 a - a +4 orcbow of flaming
 b - the +6 trident "Tuosch" (weapon) {protect, rElec rF- Str+3}
   (You took it off a goblin on level 4 of the Dungeon)

   Str+3:     It affects your strength (+3).
   rF-:       It makes you vulnerable to fire.
   rElec:     It insulates you from electricity.
 d - a +3 dagger of flaming
Jewellery
 q - a ring of resist corrosion (right tentacle)
 s - a +4 ring of protection (left tentacle)
 w - a ring of wizardry (on tentacle)
 C - a ring of protection from cold (on tentacle)
Wands
 f - a wand of charming (6)
 l - a wand of digging (3)
 t - a wand of flame (8)
 x - a wand of polymorph (6)
 D - a wand of roots (19)
Scrolls
 c - 5 scrolls of teleportation
 e - a scroll of noise {unknown}
 g - 2 scrolls of amnesia
 k - a scroll of acquirement {unknown}
 m - a scroll of immolation {unknown}
 p - 2 scrolls of blinking {unknown}
 r - a scroll of fog {unknown}
 u - 4 scrolls of vulnerability
 y - 2 scrolls of poison {unknown}
Potions
 h - 2 potions of resistance
 i - a potion of haste {unknown}
 j - a potion of mutation {unknown}
 n - 3 potions of brilliance
 o - 3 potions of degeneration {unknown}
 v - a potion of might {unknown}
 z - 2 potions of attraction {unknown}
 A - 4 potions of curing
 B - a potion of enlightenment {unknown}


   Skills:
 + Level 3.3 Polearms
 + Level 6.1 Dodging
 + Level 8.8 Stealth
 * Level 6.0 Spellcasting
 + Level 7.1 Conjurations
 + Level 1.8 Air Magic


You had 11 spell levels left.
You knew the following spells:

 Your Spells              Type           Power      Damage    Failure   Level
a - Magic Dart            Conj           100%       1d8       1%          1
b - Searing Ray           Conj           82%        2d7       1%          2
c - Blink                 Tloc           14%        N/A       4%          2
d - Iskenderun's Mystic   Conj/Tloc      24%        2d7       8%          4

Your spell library contained the following spells:

 Spells                   Type           Power      Damage    Failure   Level
 Scorch                   Fire           14%        2d5       4%          2
 Momentum Strike          Conj/Tloc      48%        3d9       1%          2
 Dazzling Flash           Conj/Hex       48%        N/A       2%          3
 Necrotise                Necr           28%        1d5       3%          1
 Cigotuvi's Dreadful Rot  Necr/Pois/Air  20%        N/A       4%          2
 Lesser Beckoning         Tloc           14%        N/A       4%          2
 Fulminant Prism          Conj/Hex       12%        3d9       8%          4
 Ignite Poison            Fire/Tmut/Pois 7%         N/A       10%         3
 Ozocubu's Armour         Ice            7%         N/A       10%         3
 Vampiric Draining        Necr           7%         2d6       10%         3
 Volatile Blastmotes      Fire/Tloc      14%        2d11      10%         3
 Freezing Cloud           Conj/Ice/Air   10%        6-21      26%         5
 Agony                    Necr           7%         N/A       61%         5
 Metabolic Englaciation   Hex/Ice        3%         N/A       61%         5
 Starburst                Conj/Fire      12%        6d5       71%         6
 Simulacrum               Ice/Necr       3%         N/A       99%         6
 Ozocubu's Refrigeration  Ice            3%         4d8       100%        7
 Maxwell's Capacitive Co  Air            8%         ∞         100%        8


Dungeon Overview and Level Annotations

Branches:
Dungeon (7/15)             Temple (1/1) D:4

Altars:
Ashenzari
Cheibriados
Dithmenos
Elyvilon
Fedhas
Hepliaklqana
Kikubaaqudgha
Makhleb
Nemelex Xobeh
Qazlal
Ru
Sif Muna
Trog
Uskayaw
Vehumet
Wu Jian
Xom
Yredelemnul
Zin
The Shining One


Innate Abilities, Weirdness & Mutations

You cannot wear most types of armour.
You are amphibious.
You can wear up to eight rings at the same time.
Your skin changes colour to match your surroundings (Stealth+).
Your rubbery body absorbs attacks. (AC +1, EV +1)
((You are camouflaged when in or above water. (Stealth+)))
You have tentacles for arms and can constrict up to eight enemies at once.


Message History

Casting: Iskenderun's Mystic Blast (dangerous; 8% risk of failure)
Confirm with . or Enter, or press ? or * to list all spells.
Aiming: Magic Dart (safe; 1% risk of failure)
Press: ? - help, Shift-Dir - straight line, f/p - orc warrior
Aim: an orc warrior, wielding a +2 trident of flaming and wearing a +0 plate armour (severely wounded, 100% to hit)
The magic dart hits the orc warrior but does no damage.
The orc warrior is severely wounded.
The orc warrior closely misses you.
Aiming: Throw Flame
Press: ? - help, Q - select action, (/) - cycle Shift-Dir - straight line, f/p - orc warrior
Aim: an orc warrior, wielding a +2 trident of flaming and wearing a +0 plate armour (severely wounded, 68% to hit)
The puff of flame hits the orc warrior but does no damage.
The orc warrior is severely wounded.
The orc warrior misses you.
Casting: Magic Dart (safe; 1% risk of failure)
Confirm with . or Enter, or press ? or * to list all spells.
Aiming: Magic Dart (safe; 1% risk of failure)
Press: ? - help, Shift-Dir - straight line, f/p - orc warrior
Aim: an orc warrior, wielding a +2 trident of flaming and wearing a +0 plate armour (severely wounded, 100% to hit)
The magic dart hits the orc warrior but does no damage.
The orc warrior is severely wounded.
The orc warrior hits you from afar with a +2 trident of flaming.
The orc warrior burns you.
You close the large door.
An orc warrior breaks down the large door.
The orc warrior closely misses you.
The orc warrior attacks as it pursues you!
The orc warrior hits you from afar with a +2 trident of flaming!
* * * LOW HITPOINT WARNING * * *
The orc warrior burns you.
* * * LOW HITPOINT WARNING * * *
There is an open door, spattered with blood here.
Aiming: Fastroot
Press: ? - help, Q - select action, (/) - cycle Shift-Dir - straight line, f/p - orc warrior
Aim: an orc warrior, wielding a +2 trident of flaming and wearing a +0 plate armour (severely wounded)
The roots erupt in riotous growth!
Roots grab the orc warrior.
The grasping roots constrict the orc warrior.
The orc warrior hits you from afar with a +2 trident of flaming!
You die...

##### ....# ##### ....#
#..⌠.....#...# ..._###
#[.......#.#.# ....#.#
#...?$...#.#.##
....#.#########
###.....⌠..#.#...
#####.........###.#
.......#.####
..............'.@.#
..†...#....>
..............###.####''#
#####. ..............#
#.o.....# #.
.)............# #########
#. ....).........# #.
..............# #.
##..########### #.
#...##### ###.
###......###### ######
#....#...


You could see an orc warrior (rooted).

Vanquished Creatures
  Grinder (D:3)
  Sigmund (D:3)
  A steam dragon (D:7)
  3 black bears
  An ogre (D:6)
  A centaur (D:5)
  A phantom (D:7)
  2 bullfrogs (D:7)
  Blork the orc (D:5)
  7 scorpions
  3 wights (D:6)
  3 howler monkeys
  An orc priest (D:4)
  3 jellies (D:2)
  A sleepcap (D:4)
  Ijyb (D:5)
  4 iguanas
  4 orc wizards
  Robin (D:4)
  8 adders
  3 shadow imps
  2 white imps (D:7)
  3 worms
  A dart slug (D:3)
  23 orcs
  13 endoplasms
  4 giant cockroaches
  16 goblins
  13 hobgoblins
  6 jackals
  5 quokkas
  6 ball pythons
  8 bats
  6 frilled lizards
  15 kobolds
  6 rats
178 creatures vanquished.

Notes
Turn   | Place    | Note
-------+----------+-------------------------------------------
     0 | D:1      | javelincjr the Octopode Conjurer began the quest for the
                  | Orb.
     0 | D:1      | Reached XP level 1. HP: 11/11 MP: 3/3
   141 | D:1      | Reached skill level 3 in Stealth
   166 | D:1      | Reached XP level 2. HP: 17/17 MP: 3/5
   527 | D:1      | Reached XP level 3. HP: 21/21 MP: 0/6
   914 | D:1      | Found a faded altar of an unknown god.
  1602 | D:2      | Reached XP level 4. HP: 26/27 MP: 5/7
  1719 | D:2      | Reached skill level 4 in Stealth
  1794 | D:2      | Learned a level 2 spell: Searing Ray
  1850 | D:2      | Reached XP level 5. HP: 31/31 MP: 4/9
  3064 | D:3      | Noticed Sigmund
  3077 | D:3      | Killed Sigmund
  3078 | D:3      | Reached skill level 5 in Stealth
  3078 | D:3      | Reached skill level 5 in Conjurations
  3078 | D:3      | Reached XP level 6. HP: 23/36 MP: 1/11
  3264 | D:3      | Identified the +0 ring mail of Spring {rPois}
  3328 | D:3      | Reached XP level 7. HP: 41/41 MP: 6/12
  3757 | D:3      | Noticed Grinder
  3762 | D:3      | Learned a level 2 spell: Blink
  3768 | D:3      | Paralysed by Grinder for 4 turns
  3778 | D:3      | Killed Grinder
  3779 | D:3      | Reached skill level 6 in Stealth
  4102 | D:4      | Found a staircase to the Ecumenical Temple.
  4112 | Temple   | Entered the Ecumenical Temple
  4135 | Temple   | Became a worshipper of Vehumet
  4517 | D:4      | Found a shimmering blue altar of Sif Muna.
  4577 | D:4      | Reached XP level 8. HP: 42/46 MP: 8/14
  4707 | D:4      | Noticed Robin
  4721 | D:4      | Killed Robin
  4723 | D:4      | Identified the +6 trident "Tuosch" {protect, rElec rF-
                  | Str+3}
  4727 | D:4      | Reached * piety under Vehumet
  4727 | D:4      | Offered knowledge of Kiss of Death by Vehumet.
  4728 | D:4      | Reached skill level 7 in Stealth
  5222 | D:4      | Found a hazy altar of Hepliaklqana.
  5425 | D:5      | Entered Level 5 of the Dungeon
  5472 | D:5      | Reached skill level 5 in Dodging
  5519 | D:5      | Reached skill level 1 in Polearms
  6142 | D:5      | Noticed Ijyb
  6152 | D:5      | Killed Ijyb
  6238 | D:5      | Noticed Blork the orc
  6243 | D:5      | Killed Blork the orc
  6480 | D:5      | Upgraded the game from 0.31-a0-744-gbc345e7fcb to
                  | 0.31-a0-750-gfe7b580527
  6495 | D:5      | Reached skill level 5 in Spellcasting
  7033 | D:5      | Offered knowledge of Scorch by Vehumet.
  7039 | D:5      | Learned a level 4 spell: Iskenderun's Mystic Blast
  7164 | D:6      | Reached ** piety under Vehumet
  7165 | D:6      | Reached skill level 8 in Stealth
  7275 | D:6      | Reached XP level 9. HP: 48/51 MP: 11/16
  7647 | D:6      | Reached skill level 1 in Air Magic
  9023 | D:7      | Found a shadowy altar of Dithmenos.
  9226 | D:7      | Found a bloodstained altar of Trog.
  9226 | D:7      | Found a glowing silver altar of Zin.
  9523 | D:7      | Found a snail-covered altar of Cheibriados.
  9636 | D:7      | HP: 1/51 [orc warrior/+2 trident of flaming (3)]
  9637 | D:7      | Mangled by an orc warrior

Illustrated notes

Levels and vault maps discovered:
D:1:      amcnicky_arrival_wind_blow, layout_rooms,
          dreamdust_ecumenical_altar_statues, serial_curves, eino_curves_02,
          eino_curves_01, st_stairs_9, nrook_loot_triangle, minmay_surrounded
D:2:      cheibrodos_fertilizer, layout_basic
D:3:      layout_loops_corners, chequers_garden, uniq_sigmund, uniq_grinder
D:4:      layout_basic, mainiacjoe_overflow_24_doors,
          mainiacjoe_overflow_chevrons, temple_hall, minivault_27,
          kennysheep_minor_cross, uniq_robin
D:5:      layout_basic, uniq_ijyb, uniq_blork_the_orc
D:6:      layout_layer_cave
D:7:      layout_basic, slow_altar_2, mainiacjoe_overflow_surrounded_room,
          jmf_multi_god_temple, minmay_misc_feat_enclosed,
          kennysheep_generic_room_7
Temple:   minmay_temple_curvy_branch

Skill      XL: |  1  2  3  4  5  6  7  8  9 |
---------------+----------------------------+-----
Stealth        | 3 4 5 6 8 |  8.8
Dodging        | 3 4 5 6 |  6.1
Spellcasting   | 3 4 5 6 |  6.0
Conjurations   | 5 6 7 |  7.1
Polearms       | 2 3 |  3.3
Air Magic      | 1 |  1.8

Action                     |  1- 3 |  4- 6 |  7- 9 || total
---------------------------+-------+-------+-------++-------
  Melee: Unarmed           |     9 |       |       ||     9
         Tentacles         |     3 |     5 |    11 ||    19
         Constrict         |     2 |     9 |    12 ||    23
         Dagger            |     5 |    35 |    14 ||    54
         Punch             |       |     2 |     1 ||     3
         Trident           |       |       |    42 ||    42
   Fire: Orcbow            |       |       |    49 ||    49
   Cast: Magic Dart        |    77 |    51 |   160 ||   288
         Searing Ray       |       |     8 |    23 ||    31
         Blink             |       |       |     2 ||     2
         Iskenderun's Myst |       |       |    15 ||    15
  Evoke: Wand              |       |       |     2 ||     2
    Use: Scroll            |       |       |     9 ||     9
         Potion            |       |       |     2 ||     2
   Stab: Sleeping          |       |     2 |     4 ||     6
 Armour: Skin              |     8 |    22 |    71 ||   101
  Dodge: Dodged            |     8 |    27 |    69 ||   104

Table legend: (Time is in decaauts)
 A = Elapsed time spent in this place.
 B = Non-inter-level travel time spent in this place.
 C = Inter-level travel time spent in this place.
 D = Time resting spent in this place.
 E = Time spent auto-exploring this place.
 F = Levels seen in this place.
 G = Mean time per level.
                   A        B        C        D        E       F      G
               +--------+--------+--------+--------+--------+-----+--------+
         Total |   9664 |   9463 |    201 |    790 |   7473 |   8 | 1208.0 |
       Dungeon |   9614 |   9456 |    158 |    790 |   7473 |   7 | 1373.4 |
        Temple |     49 |      6 |     43 |      0 |      0 |   1 |   49.0 |
               +--------+--------+--------+--------+--------+-----+--------+

Top non-repeatable levels by time:
     D:5: 1722 daAuts
     D:6: 1569 daAuts
     D:2: 1457 daAuts
     D:4: 1392 daAuts
     D:3: 1362 daAuts
     D:1: 1163 daAuts
     D:7: 946 daAuts
  Temple: 49 daAuts
